 Dungeon Crawl Stone Soup version 0.19.0-18-g426998a (webtiles) character file.

6303 SirGodfroy the Transmogrifier (level 10, -19/79 HPs)
             Began as a Merfolk Transmuter on Nov 12, 2016.
             Demolished by a hill giant
             ... wielding a +0 giant club
              (27 damage)
             ... on level 10 of the Dungeon.
             The game lasted 00:35:54 (12117 turns).

SirGodfroy the Transmogrifier (Merfolk Transmuter) Turns: 12117, Time: 00:35:54

Health: -19/79     AC:  5    Str: 10    XL:     10   Next: 95%
Magic:  16/20      EV: 18    Int: 16    God:
Gold:   330        SH:  0    Dex: 15    Spells: 4 memorised, 9 levels left

rFire  . . .     SeeInvis .       - Unarmed
rCold  . . .     Gourm    +     b - +0 robe
rNeg   . . .     Faith    .     (shield currently unavailable)
rPois  .         Spirit   .     (no helmet)
rElec  .         Reflect  .     l - +2 cloak
rCorr  .         Harm     .     (gloves currently unavailable)
MR     .....     Rnd*Rage +     (no boots)
Stlth  ++........ Rnd*Tele +    k - amulet of the gourmand
                                w - ring of teleportation (curse)
                                v - ring of stealth

@: blade hands (expiring)
A: change form in water, swift swim, stealthy swim, berserk 1
a: End Transformation


You were on level 10 of the Dungeon.
You were not hungry.
You had blades for hands.
You visited 2 branches of the dungeon, and saw 11 of its levels.
You also visited: Sewer.

You collected 330 gold pieces.

Inventory:

Hand Weapons
 f - a +1 dagger of speed
 z - a +2 dagger of venom
Missiles
 a - 183 arrows
Armour
 b - a +0 robe (worn)
 l - a +2 cloak (worn)
Jewellery
 e - a cursed ring of loudness {unknown}
 k - an amulet of the gourmand (around neck)
 u - a +3 amulet of reflection
 v - a ring of stealth (left scythe-like blade)
 w - a cursed ring of teleportation (right scythe-like blade)
Wands
 p - a wand of lightning (8/15)
 q - a wand of disintegration (12/24)
 D - a wand of digging (8/24)
 F - a wand of lightning (3/15)
Scrolls
 g - 6 scrolls of identify
 h - 3 scrolls of enchant weapon
 m - 7 scrolls of teleportation
 o - a scroll of enchant armour
 r - a scroll of amnesia
 s - a scroll of fear
 y - a scroll of recharging
Potions
 i - 2 potions of flight
 A - 2 potions of might
 B - a potion of magic
 C - 3 potions of heal wounds
 E - 4 potions of curing
Books
 c - a book of Changes

   Spells                             Type                      Level
   a - Beastly Appendage              Transmutation                1
   b - Sticks to Snakes               Transmutation                2
   c - Spider Form                    Transmutation/Poison         3
   d - Ice Form                       Ice/Transmutation            4
   e - Blade Hands                    Transmutation                5
Comestibles
 d - 5 bread rations
 j - 4 meat rations
 n - 3 slices of pizza
 t - 20 fruits
 x - 2 beef jerkies


   Skills:
 + Level 7.0 Fighting
 + Level 9.4 Dodging
 + Level 8.4 Unarmed Combat
 + Level 6.6 Spellcasting
 + Level 11.5 Transmutations


You had 9 spell levels left.
You knew the following spells:

 Your Spells              Type           Power        Failure   Level  Hunger
a - Beastly Appendage     Tmut           #####.       8%          1    None
b - Spider Form           Tmut/Pois      ###.......   32%         3    ##.....
c - Blade Hands           Tmut           #####.....   28%         5    #####..
d - Ice Form              Ice/Tmut       ###.....     54%         4    ####...


Dungeon Overview and Level Annotations

Branches:
Dungeon (10/15)            Temple (1/1) D:7
   Lair: D:8-11         Orc: D:9-12

Altars:
Ashenzari
Cheibriados
Dithmenos
Elyvilon
Fedhas
Gozag
Hepliaklqana
Kikubaaqudgha
Makhleb
Nemelex Xobeh
Okawaru
Qazlal
Ru
Trog
Uskayaw
Vehumet
Xom
Yredelemnul
Zin
The Shining One

Shops:
D:4 :


Innate Abilities, Weirdness & Mutations

You revert to your normal form in water.
You are very nimble and swift while swimming.
You are very stealthy in the water. (Stealth+)
You tend to lose your temper in combat.


Message History

Your hands turn into razor-sharp scythe blades.
Found a scroll of enchant armour.
The hill giant shouts!
You slice the hill giant!!
The hill giant is moderately wounded.
The hill giant hits you with a giant club!!
You slash the hill giant!
The hill giant is heavily wounded.
The hill giant hits you with a giant club!!!
* * * LOW HITPOINT WARNING * * *
You hit the hill giant.
The hill giant is heavily wounded.
Your transformation is almost over.
You slash the hill giant!
The hill giant is severely wounded.
The hill giant barely misses you.
You hit the hill giant.
The hill giant is severely wounded.
The hill giant hits you with a giant club!!
You die...

........##
#.........#
#.......#.#
+.......#.##
.......##.##
....... #..#
####+## ##.#
#.# #@# #C.#
...# .....
#.?.#.#
#...#.#
#...#.#
....#..


You could see a hill giant.

Vanquished Creatures
  The ghost of SirGodfroy the Slicer, a novice KoBe of Trog (D:8)
  A hill giant (D:6)
  2 kobold demonologists (D:9)
  A shadow (D:9)
  2 hungry ghosts
  A steam dragon (D:9)
  A black bear (D:9)
  2 phantoms
  3 orc warriors
  2 sky beasts (D:9)
  7 ogres
  2 centaurs
  A crocodile (D:8)
  Blork the orc (D:6)
  3 big kobolds (D:9)
  5 bullfrogs (D:6)
  4 scorpions
  7 killer bees
  4 wights (D:10)
  A centaur zombie (D:8)
  2 bullfrog zombies
  2 crimson imps (D:5)
  2 jellies
  2 orc priests
  5 hounds
  6 orc wizards
  A bullfrog skeleton (D:8)
  2 centaur skeletons
  A gnoll shaman (D:5)
  2 iguanas
  7 worker ants
  A hound zombie (D:6)
  2 hound skeletons
  A howler monkey zombie (D:5)
  A howler monkey skeleton (D:8)
  11 gnolls
  14 adders
  5 shadow imps
  An ooze (D:1)
  4 adder skeletons
  4 worms
  4 dart slugs
  A leopard gecko (D:3)
  24 orcs
  8 giant cockroaches
  7 goblins
  7 hobgoblins
  19 jackals
  6 quokkas
  6 ball pythons
  3 bats
  9 frilled lizards
  29 kobolds
  2 leopard gecko skeletons
  A quokka skeleton (D:8)
  A quokka zombie (D:7)
  14 rats
  A plant (Sewer)
269 creatures vanquished.

Notes
Turn   | Place    | Note
-------+----------+-------------------------------------------
     0 | D:1      | SirGodfroy the Merfolk Transmuter began the quest for the Orb.
     0 | D:1      | Reached XP level 1. HP: 15/15 MP: 3/3
    34 | D:1      | Reached XP level 2. HP: 16/21 MP: 3/5
   566 | D:1      | Reached XP level 3. HP: 21/27 MP: 4/6
   673 | D:1      | Reached skill level 3 in Transmutations
   719 | D:1      | Learned a level 3 spell: Spider Form
  1344 | D:2      | Reached XP level 4. HP: 28/33 MP: 5/7
  1781 | D:3      | Found a sparkling altar of Nemelex Xobeh.
  1781 | D:3      | Found a white marble altar of Elyvilon.
  2031 | D:3      | Reached XP level 5. HP: 22/38 MP: 9/9
  2218 | D:3      | Learned a level 5 spell: Blade Hands
  3023 | D:4      | Noticed an orc warrior
  3034 | D:4      | Killed an orc warrior
  3034 | D:4      | Reached skill level 4 in Transmutations
  3034 | D:4      | Reached XP level 6. HP: 24/46 MP: 4/10
  3484 | D:4      | Reached skill level 5 in Transmutations
  3484 | D:4      | Reached XP level 7. HP: 52/52 MP: 8/12
  3563 | D:4      | Noticed a moth of wrath
  3566 | D:4      | Found a bloodstained altar of Trog.
  3582 | D:4      | Reached skill level 5 in Dodging
  3582 | D:4      | Reached skill level 5 in Unarmed Combat
  3932 | D:4      | Found Peijakye's Book Emporium.
  4230 | D:5      | Entered Level 5 of the Dungeon
  4654 | D:5      | Reached skill level 6 in Transmutations
  4654 | D:5      | Reached XP level 8. HP: 35/60 MP: 12/14
  5398 | D:5      | Found a blossoming altar of Fedhas.
  5517 | D:6      | Reached skill level 7 in Transmutations
  6192 | D:6      | Noticed Blork the orc
  6200 | D:6      | Reached XP level 9. HP: 62/67 MP: 11/16
  6203 | D:6      | Killed Blork the orc
  6203 | D:6      | Reached skill level 8 in Transmutations
  6232 | D:6      | Found a glowing drain.
  6241 | Sewer    | Entered a sewer
  6296 | Sewer    | Reached skill level 5 in Fighting
  7031 | D:6      | Found a burning altar of Makhleb.
  7109 | D:6      | Noticed a hill giant
  7136 | D:6      | Killed a hill giant
  7136 | D:6      | Reached skill level 5 in Spellcasting
  7136 | D:6      | Reached skill level 9 in Transmutations
  8514 | D:7      | Found a staircase to the Ecumenical Temple.
  8529 | Temple   | Entered the Ecumenical Temple
  8704 | Temple   | Learned a level 4 spell: Ice Form
  8982 | D:8      | Reached XP level 10. HP: 76/76 MP: 12/18
  8990 | D:8      | Reached skill level 10 in Transmutations
 10103 | D:8      | Noticed SirGodfroy's ghost (novice KoBe)
 10121 | D:8      | Killed SirGodfroy's ghost
 11178 | D:9      | Reached skill level 11 in Transmutations
 11484 | D:9      | Noticed a kobold demonologist
 11486 | D:9      | Noticed a kobold demonologist
 11503 | D:9      | Killed a kobold demonologist
 11507 | D:9      | Killed a kobold demonologist
 11664 | D:9      | Gained mutation: You tend to lose your temper in combat. [mutagenic meat]
 11717 | D:9      | Found a hazy altar of Hepliaklqana.
 11988 | D:10     | Entered Level 10 of the Dungeon
 12107 | D:10     | Noticed a hill giant
 12117 | D:10     | Demolished by a hill giant

Skill      XL: |  1  2  3  4  5  6  7  8  9 10 |
---------------+-------------------------------+-----
Dodging        | 3 4 5 6 8 9 |  9.4
Transmutations | 3 4 5 6 7 9 11 | 11.5
Fighting       | 2 3 4 6 7 |  7.0
Unarmed Combat | 4 5 6 7 8 |  8.4
Spellcasting   | 3 4 5 6 |  6.6

Action                   |  1- 3 |  4- 6 |  7- 9 | 10-12 || total
-------------------------+-------+-------+-------+-------++-------
Melee: Unarmed           |    27 |    38 |   211 |   207 ||   483
       Headbutt          |     9 |    13 |    21 |       ||    43
       Dagger            |    76 |   174 |   333 |    69 ||   652
       Punch             |       |     4 |    10 |     6 ||    20
       Tailslap          |       |       |    11 |       ||    11
       Trident           |       |       |       |    20 ||    20
 Cast: Beastly Appendage |    10 |    12 |    13 |       ||    35
       Spider Form       |     1 |     5 |    20 |    10 ||    36
       Blade Hands       |       |       |     9 |    10 ||    19
  Use: Potion            |     2 |     5 |     5 |     3 ||    15
       Scroll            |       |       |     9 |     3 ||    12
 Stab: Sleeping          |     2 |     1 |     7 |     7 ||    17
       Distracted        |       |       |     1 |     1 ||     2
  Eat: Chunk             |     2 |    17 |    27 |    16 ||    62
Armor: Robe              |    12 |    34 |    52 |    30 ||   128
       Skin              |       |     4 |     1 |     2 ||     7
Dodge: Dodged            |    51 |    96 |   343 |   257 ||   747
